Map: Void Thrashing

Players

NamroodTuo

  • Race: Zerg Zerg

Solidus

  • Race: Terran Terran

VOD

Have the link to the VOD?

Description

Time

  • Played on: March 7, 2023, 11:07 a.m.
  • Length: 18:40
Show
View Real Time Build Order
Export as new Build Order

NamroodTuo Zerg 

Build Orders:  

Get SALT Encoding   

  12  0:04  Infested SCV  
  13  0:20  Overlord  
  13  0:40  Infested Barracks  
  13  1:11  Infested SCV x2  
  13  1:12  Infested SCV x3  
  18  1:28  Infested SCV  
  19  1:44  Overlord  
  19  1:57  Infested Refinery  
  19  2:00  Infested SCV  
  19  2:01  Infested Refinery  
  20  2:25  Infested SCV  
  21  2:38  Infested SCV  
  22  2:48  Infested SCV  
  23  3:09  Infested Bunker  
  27  3:11  Infested Barracks Tech Lab  
  27  3:27  Overlord  
  27  3:39  Infested Marine x4  
  28  4:08  Infested SCV x3  
  28  4:09  Infested SCV  
  32  4:14  Infested Factory  
  31  4:33  Infested SCV  
  32  4:45  Infested Marine x2  
  32  4:46  Infested Marine x5  
  39  4:51  Retinal Augmentation  
  39  4:58  Overlord  
  39  4:59  Overlord  
  39  5:25  Infested Bunker  
  43  5:45  Infested Factory Tech Lab  
  43  5:55  Infested Factory  
  43  6:01  Infested Engineering Bay  
  43  6:06  Infested Armory, Infested SCV x2  
  43  6:07  Infested SCV x2  
  47  6:24  Infested Marine  
  47  6:25  Infested Marine x14  
  50  7:11  Infested Command Center  
  48  7:22  Infested Factory  
  43  7:33  Infested Factory Tech Lab  
  43  7:48  Stukov Vehicle and Ship Weapons Level 1  
  43  7:51  Infested Refinery  
  43  7:53  Calcified Armor  
  40  8:12  Infested Marine  
  40  8:13  Infested Marine x11  
  52  8:53  Stukov Infantry Weapons Level 1  
  52  8:57  Infested Refinery  
  52  8:58  Infested SCV x3  
  55  9:01  Overlord  
  55  9:02  Overlord x3  
  55  9:48  Infested Siege Tank  
  55  9:49  Infested Siege Tank x2  
  52  9:50  Infested Factory Tech Lab  
  52  9:58  Infested SCV  
  52  9:59  Infested SCV  
  54  10:00  Infested SCV x2  
  54  10:05  Overlord  
  56  10:11  Infested SCV  
  57  10:24  Infested Siege Tank  
  57  10:28  Stukov Vehicle and Ship Armor Level 1  
  60  10:47  Infested SCV  
  60  10:48  Infested SCV  
  62  10:51  Infested SCV x2  
  62  10:52  Infested SCV x3  
  67  11:01  Automated Mitosis  
  67  11:08  Infested Siege Tank x2  
  73  11:38  Infested SCV x3  
  76  11:47  Infested Siege Tank  
  76  11:48  Infested Siege Tank x3  
  88  12:47  Infested Marine  
  88  12:48  Infested Marine x11  
  88  12:49  Infested Marine x8  
  102  13:08  Stukov Vehicle and Ship Weapons Level 2  
  102  13:14  Regenerative Plating  
  93  14:11  Infested Siege Tank x4  
  93  14:12  Infested Siege Tank  
  93  14:14  Stukov Infantry Weapons Level 2  
  93  14:15  Overlord x2  
  93  14:16  Overlord x4  
  93  14:17  Overlord x4  
  91  14:46  Infested Marine x4  
  91  14:47  Infested Marine x16  
  111  15:10  Overlord x3  
  111  15:11  Aggressive Incubation  
  111  15:18  Overlord  
  111  15:19  Overlord x2  
  111  15:23  Infested SCV  
  109  15:59  Infested Siege Tank  
  112  16:00  Infested Siege Tank x9  
  112  16:07  Infested Marine  
  112  16:08  Infested Marine x13  
  112  16:09  Infested Marine x2  
  153  16:17  Unknown  
  153  16:22  Infested Marine  
  153  16:23  Infested Marine x2  
  153  16:26  Infested Marine  
  142  16:34  Infested Marine  
  143  16:54  Infested Marine x4  
  147  17:22  Infested Marine x6  
Show
View Real Time Build Order
Export as new Build Order

Solidus Terran 

Build Orders:  

Get SALT Encoding   

  12  0:03  SCV  
  13  0:20  SCV  
  14  0:37  SCV  
  15  0:54  SCV  
  16  1:11  SCV  
  16  1:19  Command Center  
  17  1:28  SCV  
  18  1:48  SCV  
  19  2:08  SCV  
  20  2:12  Refinery  
  20  2:14  Refinery  
  20  2:25  SCV  
  21  2:42  SCV  
  22  2:59  SCV  
  23  3:01  Tychus  
  23  3:02  Gunslingers Hideout  
  23  3:12  SCV  
  23  3:16  SCV  
  25  3:33  SCV  
  25  3:34  Muscle Armory  
  26  3:44  SCV  
  27  3:50  SCV  
  28  4:06  Fixers Safehouse  
  28  4:14  SCV  
  29  4:31  SCV  
  29  4:35  Command Center  
  29  4:36  SCV  
  29  4:39  Engineering Bay  
  31  4:46  Refinery  
  31  4:48  SCV  
  32  4:53  SCV  
  33  5:03  Refinery  
  33  5:10  SCV  
  33  5:17  Engineering Bay  
  33  5:18  SCV  
  35  5:27  SCV  
  36  5:35  SCV  
  37  5:44  SCV  
  37  5:49  Flashforce GDM Visor  
  38  5:52  SCV  
  39  6:01  SCV  
  39  6:09  SCV  
  41  6:18  SCV  
  42  6:26  SCV  
  43  6:35  SCV  
  44  6:43  SCV  
  45  6:52  SCV  
  46  7:00  SCV  
  46  7:02  Crooked Sam  
  57  7:17  SCV x2  
  59  7:34  SCV  
  60  7:48  Outlaw Weapons Level 1, Outlaw Life and Armor Level 1  
  60  7:51  SCV  
  61  8:24  Medivac Platform  
  61  9:02  Kev Rattlesnake West  
  71  10:01  Outlaw Life and Armor Level 2, Outlaw Weapons Level 2  
  71  10:03  Umojan Signal Modulator  
  71  10:10  Vanadium Shell  
  71  11:41  Moebius Restraint Matrix, LarsCorp G7 Charges  
  71  11:42  KD9a Implosion Core  
  71  12:22  Outlaw Life and Armor Level 3, Outlaw Weapons Level 3  
  71  13:05  Moebius Aggression Blend  
  71  15:02  Nux  
  71  15:05  Ultrasonic Boosters, Crystalline Amplifiers  
  81  15:26  T4 Cloudburst Shells  
  81  16:17  Kel-Morian Ripper Rounds  
  81  16:29  Secret Stash Stimpack  
  81  16:55  Procyon Shade Suit  
Tags
 
Commander
StukovTychus
Matchup
Co-op
Replay Pack
Multiplayer
Add a new tag
Caveats
  • Supply blocks, unpowered buildings, or Contaminate may cause inaccurate times.
  • Supply counts are checked every 10 seconds.